 Dungeon Crawl Stone Soup version 0.21-a0-356-g45b0a09 (webtiles) character file.

2247 Yermaw the Cruncher (level 9, -4/68 HPs)
             Began as a Mummy Wanderer on Oct 12, 2017.
             Was an Initiate of Gozag.
             Slain by nikopol's ghost (11 damage)
             ... on level 6 of the Dungeon.
             The game lasted 00:13:07 (8915 turns).

Yermaw the Cruncher (Mummy Wanderer)                Turns: 8915, Time: 00:13:08

Health: -4/68      AC: 11    Str: 17    XL:     9   Next: 15%
Magic:  11/11      EV:  9    Int: 11    God:    Gozag
Gold:   437        SH:  3    Dex: 10    Spells: 10/10 levels left

rFire    . . .     SeeInvis .   c - +1 quarterstaff
rCold    + . .     Gourm    .   (shield currently unavailable)
rNeg     + + +     Faith    .   o - +0 scale mail
rPois    ∞         Spirit   .   f - +1 helmet
rElec    .         Reflect  +   (no cloak)
rCorr    .         Harm     .   n - +1 pair of gloves
MR       +....                  (no boots)
Stlth    ..........             h - +3 amulet of reflection
HPRegen  0.21/turn              r - -3 ring of intelligence (curse)
MPRegen  0.12/turn              j - ring of protection from fire

@: no status effects
A: no food or potions, fire vulnerability, cold resistance 1, negative energy
resistance 3, torment resistance, unbreathing
a: Potion Petition, Call Merchant, Bribe Branch, Renounce Religion


You were on level 6 of the Dungeon.
You worshipped Gozag.
Gozag was aware of your devotion.
You were not hungry.

You visited 2 branches of the dungeon, and saw 10 of its levels.

You collected 520 gold pieces.
You paid 83 gold pieces to Gozag.

Inventory:

Hand Weapons
 b - a +2 blowgun
 c - a +1 quarterstaff (weapon)
Missiles
 a - 2 curare-tipped needles
 g - 85 stones (quivered)
 i - 15 poisoned needles
Armour
 d - a +0 buckler
 e - a +0 robe
 f - a +1 helmet (worn)
 n - a +1 pair of gloves (worn)
 o - a +0 scale mail (worn)
Jewellery
 h - a +3 amulet of reflection (around neck)
 j - a ring of protection from fire (right hand)
 m - an uncursed amulet of guardian spirit {unknown}
 q - a +1 ring of protection
 r - a cursed -3 ring of intelligence (left hand)
 t - an uncursed ring of ice {unknown}
Wands
 l - a wand of iceblast (0/15)
 s - a wand of scattershot (0/9)
Scrolls
 k - 2 scrolls of teleportation
 p - 2 scrolls of amnesia
Books
 u - a book of Maledictions

   Spells                             Type                      Level
   a - Corona                         Hexes                        1
   b - Ensorcelled Hibernation        Hexes/Ice                    2
   c - Confuse                        Hexes                        3
   d - Tukima's Dance                 Hexes                        3
   e - Dazzling Spray                 Conjuration/Hexes            3


   Skills:
 + Level 5.6 Fighting
 * Level 8.3 Staves
 - Level 1.0 Throwing
 + Level 3.7 Armour
 - Level 1.0 Shields
 - Level 1.3 Spellcasting
   Level 2.6 Hexes
   Level 1.0 Earth Magic


You had 10 spell levels left.
You didn't know any spells.

Dungeon Overview and Level Annotations

Branches:
Dungeon (9/15)             Temple (1/1) D:6
   Lair: D:8-11         Orc: D:9-12

Altars:
Cheibriados
Dithmenos
Elyvilon
Fedhas
Gozag
Hepliaklqana
Kikubaaqudgha
Makhleb
Nemelex Xobeh
Okawaru
Qazlal
Ru
Sif Muna
Trog
Uskayaw
Vehumet
Wu Jian
Xom
Yredelemnul
Zin
The Shining One

Annotations:
D:3 exclusion: oklob plant
D:6 1 runed door, nikopol's ghost, novice HOFi


Innate Abilities, Weirdness & Mutations

You do not eat or drink.
Your flesh is vulnerable to fire.
You are immune to poison.
Your flesh is cold resistant. (rC+)
You are immune to negative energy. (rN+++)
You are immune to unholy pain and torment.
You can survive without breathing.


Message History

Nikopol's ghost hits you but does no damage.
You barely miss nikopol's ghost.
Nikopol's ghost is almost destroyed.
Nikopol's ghost hits you!
* * * LOW HITPOINT WARNING * * *
Unknown command.
Unknown command.
Evoke which item? (* to show all) (? for menu, Esc to quit)
Okay, then.
Unknown command.
Okay, then.
Unknown command.
Unknown command.
Unknown command.
Unknown command.
You barely miss nikopol's ghost.
Nikopol's ghost is almost destroyed.
Nikopol's ghost hits you!
You die...
Your body crumbles into a pile of gold.

#.##............##
#.#..............## #..
#.#.#.....###.....###..#
#.#.##.....###.....#..#
###.#.###..............# .
.......###............##.#
###.#..##.................
#.#..#..............##.
#.#...........@W.....# .
#.#........###........#
#.#.......###.....#.#..#
#.#.................# .
#.#.............###.#
#.............# .#
...#####....... # ##.#
########


You could see nikopol's ghost.

Vanquished Creatures
  A centaur skeleton (D:8)
  A hippogriff (D:6)
  Sigmund (D:6)
  Edmund (D:6)
  An orc warrior (D:6)
  An ogre (D:4)
  A centaur (D:8)
  3 bullfrogs
  A scorpion (D:4)
  3 howler monkeys
  2 crimson imps
  2 bullfrog zombies
  2 jellies (D:5)
  7 hounds
  An iguana (D:5)
  Terence (D:3)
  4 worker ants
  2 orc wizards
  A hound skeleton (D:4)
  Robin (D:2)
  7 gnolls
  10 adders
  An ooze (D:6)
  An adder skeleton (D:4)
  2 worms
  4 dart slugs
  2 leopard geckos
  15 orcs
  6 bats
  3 giant cockroaches
  15 goblins
  10 hobgoblins
  8 jackals (D:5)
  A quokka (D:3)
  A ball python (D:4)
  5 frilled lizards
  A jackal zombie (D:5)
  4 kobolds
  13 rats
146 creatures vanquished.

Notes
Turn   | Place    | Note
-------+----------+-------------------------------------------
     0 | D:1      | Yermaw the Mummy Wanderer began the quest for the Orb.
     0 | D:1      | Yermaw set off with: 2 curare-tipped needles, a +2 blowgun, a +0 quarterstaff, a +0 buckler, a +0 robe
     0 | D:1      | Reached XP level 1. HP: 15/15 MP: 2/2
    41 | D:1      | You fall through a shaft!
    60 | D:2      | Reached skill level 2 in Staves
    60 | D:2      | Reached XP level 2. HP: 15/21 MP: 4/4
   538 | D:1      | Reached XP level 3. HP: 21/26 MP: 5/5
   659 | D:1      | Reached skill level 3 in Staves
  2575 | D:3      | Noticed Robin
  2801 | D:2      | Killed Robin
  2801 | D:2      | Reached XP level 4. HP: 30/32 MP: 6/6
  2886 | D:3      | Reached skill level 4 in Staves
  3065 | D:3      | Found a snail-covered altar of Cheibriados.
  3218 | D:3      | Reached XP level 5. HP: 35/37 MP: 7/7
  3223 | D:3      | Found a white marble altar of Elyvilon.
  3223 | D:3      | Found a hide-covered altar of Uskayaw.
  3224 | D:3      | Found a sparkling altar of Nemelex Xobeh.
  3242 | D:3      | Noticed Terence
  3257 | D:3      | Killed Terence
  3394 | D:3      | Found a glowing silver altar of Zin.
  3513 | D:3      | Found a deep blue altar of Sif Muna.
  3870 | D:3      | Found an iron altar of Okawaru.
  3954 | D:3      | Found a stormy altar of Qazlal.
  4038 | D:3      | Found a blossoming altar of Fedhas.
  4051 | D:3      | Noticed an oklob plant
  4378 | D:3      | Reached skill level 5 in Staves
  4381 | D:3      | Reached XP level 6. HP: 13/44 MP: 8/8
  4783 | D:4      | Found a shimmering altar of Xom.
  4784 | D:4      | Found a shimmering altar of Xom.
  4784 | D:4      | Found a shimmering altar of Xom.
  4784 | D:4      | Found a shimmering altar of Xom.
  4794 | D:4      | Found a shimmering altar of Xom.
  5315 | D:4      | Reached skill level 6 in Staves
  5315 | D:4      | Reached XP level 7. HP: 30/52 MP: 9/9
  5579 | D:5      | Entered Level 5 of the Dungeon
  6053 | D:5      | Reached skill level 1 in Armour
  6212 | D:6      | Got a faintly glowing ring mail
  6223 | D:6      | Identified the +1 ring mail of Repulsion {MR+ Dex+3 Slay-2} (You found it on level 6 of the Dungeon)
  6247 | D:6      | Noticed a hippogriff
  6258 | D:6      | Killed a hippogriff
  6258 | D:6      | Reached XP level 8. HP: 13/60 MP: 10/10
  6506 | D:6      | Found a staircase to the Ecumenical Temple.
  6512 | Temple   | Entered the Ecumenical Temple
  6528 | Temple   | Became a worshipper of Gozag Ym Sagoz the Greedy
  6591 | D:6      | Noticed Sigmund
  6602 | D:6      | Killed Sigmund
  6602 | D:6      | Reached skill level 7 in Staves
  6874 | D:6      | You fall through a shaft for 3 floors!
  7084 | D:8      | Reached skill level 5 in Fighting
  7592 | D:8      | Found a basalt altar of Yredelemnul.
  7600 | D:8      | Reached skill level 8 in Staves
  7971 | D:6      | Noticed nikopol's ghost (novice HOFi)
  8305 | D:5      | Reached XP level 9. HP: 68/68 MP: 11/11
  8608 | D:6      | Noticed Edmund
  8701 | D:6      | Killed Edmund
  8851 | D:6      | Found a runed door.
  8915 | D:6      | Slain by nikopol's ghost

Vault maps used:
D:1:      nicolae_arrival_washed_ashore, grunt_decor_fettered
D:2:      hangedman_decor_clover_reticule
D:3:      old_standard_altar, nicolae_qazlal_eye_of_the_storm, zin_academy,
          tgw_fedhas, nicolae_overflow_hidden_temple,
          chequers_temple_overflow_statue_of_worship, uniq_terence, uniq_robin
D:4:      xom_redecorated, first_bread, minmay_misc_feat_rows,
          kennysheep_pointless_box
D:6:      minmay_temple_entry_fiery, hangedman_decor_lopped,
          minmay_parallelograms, uniq_edmund, uniq_crazy_yiuf_cottage,
          uniq_sigmund
D:7:      cheibrodos_two_vegetables, the_bakery, corner_web_ring, uniq_menkaure,
          uniq_pikel
D:8:      basic_altar
D:9:      ashenzari_altar_1, erik_orc_3
Temple:   minmay_freezing_vapour_temple

Skill      XL: |  1  2  3  4  5  6  7  8 |
---------------+-------------------------+-----
Staves         | 2 3 4 5 6 8 |  8.3
Fighting       | 3 4 5 |  5.6
Armour         | 1 3 |  3.7
Throwing       | |  1.0
Shields        | |  1.0
Spellcasting   | |  1.3
Hexes          | |  2.6
Earth Magic    | |  1.0

Action                   |  1- 3 |  4- 6 |  7- 9 || total
-------------------------+-------+-------+-------++-------
Melee: Quarterstaff      |   109 |   164 |   347 ||   620
 Fire: Blowgun           |       |     1 |     4 ||     5
Throw: Stone             |       |     5 |       ||     5
Invok: Potion Petition   |       |       |     1 ||     1
Evoke: Wand              |       |     1 |     1 ||     2
  Use: Scroll            |     7 |     4 |     3 ||    14
 Stab: Sleeping          |     1 |       |       ||     1
Armor: Robe              |    21 |       |       ||    21
       Scale mail        |    18 |    82 |   142 ||   242
Dodge: Dodged            |    51 |   102 |   128 ||   281
Block: Other             |       |       |    41 ||    41
       Reflection        |       |       |     1 ||     1

Table legend:
 A = Spawn XP
 B = Non-spawn XP
 C = Spawn XP percentage of total XP
 D = Spawn monster count
 E = Non-spawn monster count
 F = Spawn count percentage of total count
 G = Total turns spent on level
                    A         B        C        D         E        F      G
               +---------+---------+-------+---------+---------+-------+---------
         Total |       0 |    3211 |   0.0 |       0 |     146 |   0.0 |  8915
               +---------+---------+-------+---------+---------+-------+---------
           D:1 |       0 |      34 |   0.0 |       0 |      19 |   0.0 |  1297
           D:2 |       0 |     116 |   0.0 |       0 |      23 |   0.0 |  1899
           D:3 |       0 |     246 |   0.0 |       0 |      32 |   0.0 |  1513
           D:4 |       0 |     432 |   0.0 |       0 |      13 |   0.0 |   870
           D:5 |       0 |     510 |   0.0 |       0 |      29 |   0.0 |  1150
           D:6 |       0 |    1128 |   0.0 |       0 |      17 |   0.0 |  1303
           D:8 |       0 |     733 |   0.0 |       0 |       9 |   0.0 |   352
           D:9 |       0 |      12 |   0.0 |       0 |       4 |   0.0 |   502
               +---------+---------+-------+---------+---------+-------+---------
